 Dungeon Crawl Stone Soup version 0.20.1-1-g8b1a95d (webtiles) character file.

1204 Kunitse the Skirmisher (level 8, -4/52 HPs)
             Began as a Kobold Berserker on Oct 4, 2017.
             Was a Believer of Trog.
             Slain by Prince Ribbit (11 damage)
             ... on level 6 of the Dungeon.
             The game lasted 00:30:52 (7184 turns).

Kunitse the Skirmisher (Kobold Berserker)           Turns: 7184, Time: 00:30:53

Health: -4/52      AC: 10    Str: 16    XL:     8   Next: 73%
Magic:  7/7        EV: 13    Int: 11    God:    Trog [**....]
Gold:   438        SH:  6    Dex: 14    Spells: 7/7 levels left

rFire    x . .     SeeInvis .   r - +0 flail
rCold    + + .     Gourm    .   t - +0 buckler
rNeg     . . .     Faith    .   d - +2 ring mail {rF+}
rPois    .         Spirit   .   (no helmet)
rElec    .         Reflect  .   (no cloak)
rCorr    .         Harm     .   o - +0 pair of gloves
MR       .....                  j - +0 pair of boots
Stlth    +.........             (no amulet)
Regen    0.2/turn               q - ring of ice
MPRegen  0.1/turn               c - ring of ice

@: berserk cooldown, slowed, very slow
A: carnivore 3, clever 1, low mp 1
a: Berserk, Trog's Hand, Burn Spellbooks, Renounce Religion


You were on level 6 of the Dungeon.
You worshipped Trog.
Trog was pleased with you.
You were full.

You visited 1 branch of the dungeon, and saw 6 of its levels.

You collected 438 gold pieces.

Inventory:

Hand Weapons
 a - a +0 mace
 k - a +2 spear of venom
 r - a +0 flail (weapon)
Missiles
 v - 6 javelins (quivered)
Armour
 d - a +2 ring mail of fire resistance (worn)
 j - a +0 pair of boots (worn)
 o - a +0 pair of gloves (worn)
 t - a +0 buckler (worn)
Jewellery
 c - a ring of ice (right hand)
 q - a ring of ice (left hand)
Wands
 l - a wand of lightning (5/15)
 m - a wand of polymorph (14/24)
Scrolls
 e - 2 scrolls of remove curse {unknown}
 f - 2 scrolls of amnesia {unknown}
 g - 4 scrolls of identify {unknown}
 h - 3 scrolls of recharging {unknown}
 n - 2 scrolls of fear {unknown}
 p - 5 scrolls of teleportation {unknown}
 s - a scroll of magic mapping {unknown}
 y - a scroll of blinking {unknown}
Potions
 b - a potion of haste
 i - 3 potions of might
 u - 2 potions of mutation
 x - a potion of cancellation
Comestibles
 w - 2 royal jellies


   Skills:
 + Level 6.6 Fighting
 - Level 5.1 Maces & Flails
 + Level 4.0 Armour
 - Level 2.4 Dodging
 - Level 4.0 Shields


You had 7 spell levels left.
You didn't know any spells.

Dungeon Overview and Level Annotations

Branches:
Dungeon (6/15)
 Temple: D:4-7

Altars:
Kikubaaqudgha
Nemelex Xobeh
Sif Muna
Uskayaw
Vehumet

Shops:
D:5 !

Annotations:
D:6 Prince Ribbit


Innate Abilities, Weirdness & Mutations

You are small and have problems with some larger weapons.
You are carnivorous and can eat meat at any time.
Your mind is acute. (Int +2)
Your magical capacity is low. (-10% MP)


Message History

You closely miss Prince Ribbit.
Prince Ribbit is lightly wounded.
Your skin stops crawling.
You feel less resistant to hostile enchantments.
Prince Ribbit closely misses you.
You completely miss Prince Ribbit.
Prince Ribbit is lightly wounded.
You are no longer berserk.
You are exhausted.
You feel yourself slow down. Prince Ribbit hits you.
Prince Ribbit hits you but does no damage.
You closely miss Prince Ribbit.
Prince Ribbit is lightly wounded.
Prince Ribbit hits you!
* * * LOW HITPOINT WARNING * * *
Prince Ribbit hits you but does no damage.
You're too hungry.
You eat the meat ration.
That meat ration really hit the spot!
Prince Ribbit hits you!
You die...

##+## # ##...## #. ###
##.....## # #.##.##
##.......###
#.....####.........##
###.......'.........'.
#....@F.###.........##
#.###.#.# ##.......##
# #.#.# ##.....##
#...#.# ##...##
#.###.# ......# #. #.#
#.###..# . ..# # #..#
## .... ......


You could see Prince Ribbit.

Vanquished Creatures
  Grinder (D:6)
  The ghost of Kunitse the Skirmisher, an amateur KoBe of Trog (D:5)
  A phantom (D:4)
  3 scorpions
  A jelly (D:5)
  2 orc priests
  2 hounds
  Natasha (thrice) (D:2)
  An orc wizard (D:3)
  3 worker ants
  A howler monkey zombie (D:5)
  3 gnolls (D:3)
  A howler monkey skeleton (D:5)
  18 adders
  An ooze (D:3)
  An adder zombie (D:5)
  An adder skeleton (D:5)
  4 worms
  2 dart slugs
  6 leopard geckos
  5 orcs
  4 ball pythons
  6 bats
  5 giant cockroaches
  4 goblins
  10 hobgoblins
  12 jackals
  4 frilled lizards
  A giant cockroach zombie (D:2)
  8 kobolds
  A leopard gecko zombie (D:5)
  5 rats
  A fungus (D:1)
122 creatures vanquished.

Notes
Turn   | Place    | Note
-------+----------+-------------------------------------------
     0 | D:1      | Kunitse the Kobold Berserker began the quest for the Orb.
     0 | D:1      | Reached XP level 1. HP: 14/14 MP: 1/1
   304 | D:1      | Reached XP level 2. HP: 18/19 MP: 2/2
   806 | D:1      | Reached XP level 3. HP: 21/24 MP: 3/3
  1037 | D:1      | Reached skill level 4 in Fighting
  1069 | D:1      | Reached ** piety under Trog
  1202 | D:2      | Reached XP level 4. HP: 23/29 MP: 4/4
  1409 | D:2      | Noticed Natasha
  1419 | D:2      | Killed Natasha
  1419 | D:2      | Reached XP level 5. HP: 33/34 MP: 5/5
  1454 | D:2      | Noticed Natasha
  1477 | D:2      | Killed Natasha
  1477 | D:2      | Reached skill level 5 in Fighting
  1674 | D:2      | Noticed Natasha
  1692 | D:2      | Killed Natasha
  1980 | D:2      | Found a deep blue altar of Sif Muna.
  1981 | D:2      | Found an ancient bone altar of Kikubaaqudgha.
  1982 | D:2      | Found a radiant altar of Vehumet.
  2565 | D:3      | Reached XP level 6. HP: 30/40 MP: 6/6
  2699 | D:3      | Found a hide-covered altar of Uskayaw.
  3894 | D:4      | Reached skill level 1 in Shields
  3894 | D:4      | Reached XP level 7. HP: 39/44 MP: 7/7
  4331 | D:4      | HP: 2/44 [poisoned by a scorpion]
  4333 | D:4      | Gained mutation: Your magical capacity is low. (-10% MP) [potion of mutation]
  4333 | D:4      | Gained mutation: Your mind is acute. (Int +2) [potion of mutation]
  4337 | D:4      | HP: 2/44 [poisoned by a scorpion]
  5103 | D:4      | Reached *** piety under Trog
  5930 | D:4      | Reached XP level 8. HP: 30/50 MP: 7/7
  5996 | D:5      | Entered Level 5 of the Dungeon
  6335 | D:5      | Found a sparkling altar of Nemelex Xobeh.
  6734 | D:5      | Found Xenais's Distillery.
  6739 | D:5      | Noticed Kunitse's ghost (amateur KoBe)
  6763 | D:5      | Killed Kunitse's ghost
  6763 | D:5      | Reached skill level 6 in Fighting
  6763 | D:5      | Reached skill level 5 in Maces & Flails
  6889 | D:6      | Noticed Prince Ribbit
  7087 | D:6      | Noticed Grinder
  7091 | D:6      | Paralysed by Grinder for 3 turns
  7125 | D:6      | Killed Grinder
  7184 | D:6      | Slain by Prince Ribbit

Skill      XL: |  1  2  3  4  5  6  7  8 |
---------------+-------------------------+-----
Maces & Flails | 3 4 5 |  5.1
Armour         | 2 3 4 |  4.0
Fighting       | 4 5 6 |  6.6
Shields        | 1 4 |  4.0
Dodging        | |  2.4

Action                   |  1- 3 |  4- 6 |  7- 9 || total
-------------------------+-------+-------+-------++-------
Melee: Mace              |   147 |   302 |   281 ||   730
       Flail             |       |       |    18 ||    18
Invok: Berserk           |     1 |     1 |     3 ||     5
       Trog's Hand       |       |     5 |     8 ||    13
       Burn Spellbooks   |       |     1 |     2 ||     3
  Use: Potion            |     1 |     2 |     7 ||    10
  Eat: Chunk             |     7 |    16 |     6 ||    29
       Meat ration       |       |       |     1 ||     1
Armor: Animal skin       |     9 |       |       ||     9
       Chain mail        |    52 |    54 |       ||   106
       Scale mail        |       |    38 |       ||    38
       Ring mail         |       |    58 |    87 ||   145
Dodge: Dodged            |   102 |   255 |   145 ||   502
Block: Buckler           |       |    41 |    77 ||   118
